Leading from front

Match 12646169
End
Construct Infanterie Kompanie
Selects Mechanized Battlegroup
MG 42 Machine Gun Team
Grenadier Squad
Grenadier Squad
Grenadier Squad
Construct Luftwaffe Kompanie
Jäger Squad
Support Elements
Wirbelwind Flakpanzer
Selects Fuel Seizure
Jäger Squad
Selects Raid Package
Selects StuG Assault Group
StuG Assault Group
Pioneer Squad
Medical Station
Construct Panzer Kompanie
Selects Zeroing Artillery Barrage
Zeroing Artillery Barrage
Selects Wespe Self-propelled Artillery
Wespe Self-propelled Artillery
Panzer IV Medium Tank
Side Skirts
Pioneer Squad
Jäger Squad
Jäger Squad
Grenadier Squad
Pioneer Squad
Zeroing Artillery Barrage
Panzer Officer Quarters
Selects Panther Heavy Tank
Panther Heavy Tank
Panzer IV Medium Tank
StuG Assault Group
Pioneer Squad
F3ldkoch
2StrokeColdSmoke
Para_Dilshan
WER
Incitatus
[V&H]Nepalese
0
0

Comments sign in to comment!

No comments posted yet!